 Dungeon Crawl Stone Soup version 0.25-a0-731-g0472a16 (webtiles) character file.

Game seed: 11900937334933224098, levelgen mode: deterministic

6657 robertstho the Grappler (level 10, 0/96 HPs)
             Began as a Troll Fighter on Apr 8, 2020.
             Was a Believer of Wu Jian.
             Slain by a cyan ugly thing (14 damage)
             ... on level 9 of the Dungeon.
             The game lasted 00:12:47 (6222 turns).

robertstho the Grappler (Troll Fighter)             Turns: 6222, Time: 00:12:47

Health: 0/96       AC:  9    Str: 27    XL:     10   Next: 73%
Magic:  9/9        EV:  9    Int:  5    God:    Wu Jian [**....]
Gold:   261        SH: 16    Dex: 10    Spells: 9/9 levels left

rFire    . . .     SeeInvis .     - Unarmed
rCold    . . .     Gourm    +   r - +0 tower shield of Kuhannah {rPois rN+} (curse)
rNeg     + . .     Faith    .   a - +0 robe
rPois    +         Spirit   .   (helmet restricted)
rElec    .         Reflect  .   n - +2 cloak
rCorr    .         Harm     .   (gloves unavailable)
MR       .....                  (boots unavailable)
Stlth    ++........             g - amulet of magic regeneration
HPRegen  0.66/turn              (no ring)
MPRegen  0.36/turn              (no ring)

@: no status effects
A: large, unfitting armour, claws 3, fast metabolism 3, gourmand, regeneration
1, shaggy fur 1, tough skin 3
a: Wall Jump, Renounce Religion


You were on level 9 of the Dungeon.
You worshipped Wu Jian.
Wu Jian was pleased with you.
You were very full.

You visited 2 branches of the dungeon, and saw 10 of its levels.

You collected 489 gold pieces.
You spent 228 gold pieces at shops.

Inventory:

Hand Weapons
 m - a +3 quarterstaff of chaos
Armour
 a - a +0 robe (worn)
 n - a +2 cloak (worn)
 r - the cursed +0 tower shield of Kuhannah (worn) {rPois rN+}
   (You bought it in a shop on level 6 of the Dungeon)

   It protects you from poison.
   It protects you from negative energy.
   It has a curse placed upon it.
Jewellery
 g - an amulet of magic regeneration (around neck)
 y - an uncursed amulet of regeneration {unknown}
Scrolls
 b - 2 scrolls of fog {unknown}
 c - a scroll of blinking {unknown}
 h - 4 scrolls of enchant weapon {unknown}
 i - a scroll of noise {unknown}
 j - 5 scrolls of remove curse
 k - 2 scrolls of magic mapping
 l - 2 scrolls of immolation {unknown}
 o - 2 scrolls of enchant armour
 p - a scroll of teleportation
 x - a scroll of acquirement {unknown}
 A - a scroll of fear {unknown}
Potions
 e - 2 potions of brilliance
 f - 2 potions of curing
 q - a potion of ambrosia
 s - a potion of mutation {unknown}
 w - 2 potions of stabbing {unknown}
 z - a potion of flight
Comestibles
 d - 16 rations
 t - 2 chunks of flesh


   Skills:
 * Level 5.5 Fighting
 + Level 5.4 Dodging
 + Level 1.4 Stealth
 + Level 6.0 Shields
 * Level 12.1 Unarmed Combat


You had 9 spell levels left.
You didn't know any spells.
Your spell library was empty.

Dungeon Overview and Level Annotations

Branches:
Dungeon (9/15)             Temple (1/1) D:5            Lair (0/6) D:9
    Orc (0/2) D:9

Altars:
Ashenzari
Cheibriados
Dithmenos
Elyvilon
Fedhas
Gozag
Hepliaklqana
Kikubaaqudgha
Makhleb
Nemelex Xobeh
Okawaru
Qazlal
Ru
Sif Muna
Trog
Uskayaw
Vehumet
Wu Jian
Xom
Yredelemnul
Zin
The Shining One

Shops:
D:5 }   D:6 *

Annotations:
D:7 2 transporters, Faca's ghost, novice DrIE


Innate Abilities, Weirdness & Mutations

You are too large for most types of armour.
You have claws for hands.
Your metabolism is lightning-fast.
You like to eat raw meat.
Your natural rate of healing is unusually fast.
You are covered in fur. (AC +1)
You have extremely tough skin. (AC +3)


Message History

The cyan ugly thing shocks you!
* * * LOW HITPOINT WARNING * * *
You scratch the cyan ugly thing.
You kill the cyan ugly thing!
The Council accepts your kill.
Your Shields skill increases to level 6!
You feel much better.
You mangle the cyan ugly thing!!
The cyan ugly thing is heavily wounded.
The cyan ugly thing headbutts you. The cyan ugly thing shocks you!
* * * LOW HITPOINT WARNING * * *
You mangle the cyan ugly thing!!
The cyan ugly thing is almost dead.
You block the cyan ugly thing's attack.
You barely miss the cyan ugly thing.
The cyan ugly thing is almost dead.
The cyan ugly thing headbutts you!
* * * LOW HITPOINT WARNING * * *
The cyan ugly thing shocks you!
You die...

...............#...#....#..#%....
............#.##..##...##..######
.....#.....#####..#...# #...y..h.
...##.......# #..#...# #.....u.u
#.###..###.## #.##..############
.###...##### #.#........)).....
## ##...# #.'.........)..... #
##.## #u################ ### #@#
... #.#####..... #.†.....≈...
#######≈≈≈.. ≈≈. .


You could see a cyan ugly thing.

Vanquished Creatures
  2 two-headed ogres
  An ugly thing (D:9)
  A hippogriff (D:7)
  Sigmund (D:3)
  A wraith (D:6)
  A yak (D:9)
  2 hungry ghosts
  A hornet zombie (D:9)
  3 ice beasts
  A necrophage (D:7)
  4 orc warriors
  A phantom (D:6)
  3 ogres
  2 sky beasts (D:5)
  6 centaurs
  3 big kobolds
  2 bullfrogs
  5 scorpions
  A wyvern skeleton (D:8)
  4 killer bees
  A howler monkey (D:6)
  3 crimson imps
  4 bullfrog zombies
  A lava snake (D:7)
  A centaur zombie (D:5)
  A quasit (D:8)
  An orc priest (D:8)
  4 jellies
  Crazy Yiuf (D:3)
  A bullfrog skeleton (D:5)
  8 hounds
  3 orc wizards (D:8)
  2 iguanas
  3 worker ants
  A killer bee zombie (D:9)
  A worker ant zombie (D:9)
  20 adders
  2 shadow imps
  An ooze (D:5)
  2 adder zombies
  4 adder skeletons
  3 worms
  6 dart slugs
  3 leopard geckos
  19 orcs
  6 giant cockroaches
  11 hobgoblins
  15 jackals
  5 quokkas
  7 bats
  2 frilled lizards (D:5)
  6 goblins
  6 kobolds
  A quokka skeleton (D:7)
  10 rats
210 creatures vanquished.

Notes
Turn   | Place    | Note
-------+----------+-------------------------------------------
     0 | D:1      | robertstho the Troll Fighter began the quest for the Orb.
     0 | D:1      | Reached XP level 1. HP: 22/22 MP: 0/0
   126 | D:1      | Reached XP level 2. HP: 29/29 MP: 1/1
   791 | D:2      | Reached XP level 3. HP: 32/36 MP: 2/2
  1142 | D:2      | Reached skill level 3 in Unarmed Combat
  1182 | D:2      | Reached XP level 4. HP: 43/44 MP: 3/3
  1224 | D:2      | Found a white marble altar of Elyvilon.
  1225 | D:2      | Found a radiant altar of Vehumet.
  1476 | D:3      | Noticed Sigmund
  1486 | D:3      | Killed Sigmund
  1486 | D:3      | Reached skill level 4 in Unarmed Combat
  1486 | D:3      | Reached XP level 5. HP: 24/53 MP: 4/4
  1486 | D:3      | Reached XP level 6. HP: 28/61 MP: 5/5
  1777 | D:3      | Found a runed translucent door.
  1778 | D:3      | Noticed Crazy Yiuf
  1788 | D:3      | Killed Crazy Yiuf
  2064 | D:4      | Reached skill level 5 in Unarmed Combat
  2167 | D:4      | You fall into a shaft and drop 1 floor!
  2167 | D:5      | Entered Level 5 of the Dungeon
  2168 | D:5      | Noticed a hungry ghost
  2192 | D:5      | Reached XP level 7. HP: 67/67 MP: 6/6
  2211 | D:5      | Killed a hungry ghost
  2211 | D:5      | Reached skill level 6 in Unarmed Combat
  2417 | D:5      | Found a staircase to the Ecumenical Temple.
  2427 | Temple   | Entered the Ecumenical Temple
  2653 | Temple   | Became a worshipper of the Wu Jian Council
  2696 | D:5      | Reached skill level 7 in Unarmed Combat
  2696 | D:5      | Reached XP level 8. HP: 61/78 MP: 7/7
  3096 | D:5      | Found Jiwumige's Gadget Shoppe.
  3426 | D:6      | Found Ruoxkan's Assorted Antiques.
  3462 | D:6      | Reached skill level 8 in Unarmed Combat
  3475 | D:6      | Bought a warped tower shield for 228 gold pieces
  3485 | D:6      | Identified the cursed +0 tower shield of Kuhannah {rPois
                  | rN+} (You bought it in a shop on level 6 of the Dungeon)
  3538 | D:6      | Found a glowing golden altar of the Shining One.
  3571 | D:6      | Reached skill level 1 in Stealth
  3616 | D:6      | Found a shimmering altar of Xom.
  3664 | D:6      | Reached XP level 9. HP: 80/85 MP: 8/8
  3930 | D:6      | Reached * piety under Wu Jian
  3941 | D:6      | Reached skill level 9 in Unarmed Combat
  4091 | D:7      | Found a bloodstained altar of Trog.
  4091 | D:7      | Noticed a moth of wrath
  4091 | D:7      | Noticed Faca's ghost (novice DrIE)
  4096 | D:7      | Identified the cursed +0 scale mail "Plog" {rPois rN++
                  | Str-5 Stlth+}
  4103 | D:7      | Identified the cursed +8 giant spiked club of Dim Light
                  | {antimagic, rC+}
  4103 | D:7      | Noticed a two-headed ogre
  4108 | D:7      | Found a transporter.
  4110 | D:7      | Found a transporter.
  4353 | D:7      | Reached skill level 5 in Shields
  4362 | D:7      | Found a shattered altar of Ashenzari.
  4437 | D:7      | Reached skill level 10 in Unarmed Combat
  4479 | D:7      | Found a hazy altar of Hepliaklqana.
  4594 | D:7      | Reached ** piety under Wu Jian
  4701 | D:7      | Reached skill level 5 in Dodging
  4879 | D:8      | Found a hide-covered altar of Uskayaw.
  5077 | D:8      | Found a bloodstained altar of Trog.
  5347 | D:8      | Reached skill level 5 in Fighting
  5371 | D:8      | Reached XP level 10. HP: 65/94 MP: 9/9
  5588 | D:8      | Noticed a two-headed ogre
  5594 | D:8      | Killed a two-headed ogre
  5594 | D:8      | Reached skill level 11 in Unarmed Combat
  5841 | D:9      | Found a staircase to the Orcish Mines.
  5868 | D:9      | Noticed a two-headed ogre
  5873 | D:9      | Killed a two-headed ogre
  5996 | D:9      | Found a staircase to the Lair.
  6145 | D:9      | Noticed a green ugly thing
  6154 | D:9      | Noticed a cyan ugly thing
  6207 | D:9      | Reached skill level 12 in Unarmed Combat
  6218 | D:9      | Killed a cyan ugly thing
  6222 | D:9      | Slain by a cyan ugly thing

Levels and vault maps discovered:
D:1:      dpeg_arrival_rhombi, layout_basic
D:2:      layout_loops_cross, gammafunk_temple_overflow_pools
D:3:      layout_rooms, first_ration, kennysheep_generic_room_5,
          uniq_crazy_yiuf_cottage, uniq_sigmund
D:4:      minmay_razor_zed, layout_basic, uniq_duvessa
D:5:      cheibrodos_fzero, layout_loops_corners,
          minmay_temple_entry_stoned_glass, serial_shops,
          nicolae_shop_window_shopping, kennysheep_small_square
D:6:      layout_rooms, tso_oasis_becter, xom_butterflies, serial_shops,
          shop_statue, minmay_misc_feat_encased, grunt_ministairs_6,
          roderic_serpentine_path
D:7:      layout_loops_ring, marbit_many_paths, nicolae_ashenzari_panopticon,
          gammafunk_ghost_wrathful_warriors, kennysheep_doodads
D:8:      layout_loops_corners, lemuel_coloured_pillars_altar, basic_altar
D:9:      minmay_quarter_circles, layout_cross, lair_entry_dummy, orc_0_dummy,
          serial_bayou, serial_bayou_pond_a, serial_bayou_pond_e,
          serial_bayou_crossing, serial_bayou_pond_d
Temple:   regret_index_temple_generic_petals

Skill      XL: |  1  2  3  4  5  6  7  8  9 10 |
---------------+-------------------------------+-----
Dodging        | 3 4 5 |  5.4
Unarmed Combat | 3 4 5 7 8 10 12 | 12.1
Fighting       | 3 4 5 |  5.5
Shields        | 3 4 5 6 |  6.0
Stealth        | 1 |  1.4

Action                   |  1- 3 |  4- 6 |  7- 9 | 10-12 || total
-------------------------+-------+-------+-------+-------++-------
Melee: Unarmed           |    94 |   161 |   353 |   105 ||   713
Invok: Lunge             |       |       |    23 |     9 ||    32
       Whirlwind         |       |       |     1 |       ||     1
  Use: Potion            |       |     6 |       |     3 ||     9
       Scroll            |       |     6 |     3 |     1 ||    10
 Stab: Sleeping          |       |       |     3 |       ||     3
  Eat: Chunk             |    16 |    10 |    35 |     8 ||    69
Armor: Robe              |    25 |   107 |    82 |    17 ||   231
Dodge: Dodged            |    19 |   100 |    64 |    12 ||   195
Block: Kite shield       |    33 |   111 |    38 |       ||   182
       Tower shield      |       |       |   144 |    69 ||   213

Table legend:
 A = Non-vault XP
 B = Vault XP
 C = Vault XP percentage of total XP
 D = Non-vault monster count
 E = Vault monster count
 F = Vault count percentage of total count
                 A         B        C        D         E       F
            +---------+---------+-------+---------+---------+-------
      Total |    7049 |    2461 |  25.9 |     179 |      31 |  14.8
            +---------+---------+-------+---------+---------+-------
        D:1 |      31 |       0 |   0.0 |      14 |       0 |   0.0
        D:2 |     106 |       0 |   0.0 |      24 |       0 |   0.0
        D:3 |     189 |     268 |  58.6 |      36 |       4 |  10.0
        D:4 |     117 |       0 |   0.0 |       3 |       0 |   0.0
        D:5 |     652 |     570 |  46.6 |      11 |       9 |  45.0
        D:6 |    1141 |      91 |   7.4 |      23 |       2 |   8.0
        D:7 |    1625 |       3 |   0.2 |      29 |       1 |   3.3
        D:8 |    1902 |       0 |   0.0 |      28 |       0 |   0.0
        D:9 |    1286 |    1529 |  54.3 |      11 |      15 |  57.7
            +---------+---------+-------+---------+---------+-------
